AoeStats
← TheWalker6055

Pilgrims

509328361Analyzed
2v2 RM · 6d ago on Sep 26, 2026· 52m 22s· 4 players
Game mode
Random Map
Map size
Medium (4 player)
Population
200
Speed
Normal
Resources
Standard
Victory
Conquest
Starting age
Dark Age
Ending age
Imperial Age
RankedLock teamsTeams togetherTeam positionsShared explorationLock speedFull tech treeHidden civsTurbo modeCheats
Victory
Defeat
🇮🇳 Celts · India
923
+17
🇧🇷 Khmer · Brazil
906
+18
🇹🇼 Varangians · Taiwan
988
-20
🇹🇼 Saxons · Taiwan
896
-15
TheWalker6055
4:30 Loom
5:52 Loom
12:05 Feudal Age
13:36 Wheelbarrow
13:46 Wheelbarrow
13:02 Fishing Lines
14:26 Wheelbarrow
13:37 Town Watch
13:44 Gold Mining
15:15 Double-Bit Axe
17:00 Stone Mining
17:29 Forging
17:19 Scale Mail Armor
18:45 Scale Barding Armor
18:30 Fletching
18:41 Padded Archer Armor
21:25 Castle Age
20:25 Man-at-Arms
20:50 Arson
21:59 Pikeman
24:40 Iron Casting
24:20 Chain Mail Armor
25:52 Gillnets
26:51 Hand Cart
26:58 Chain Mail Armor
27:01 Gambesons
26:36 Long Swordsman
29:06 Chain Barding Armor
28:41 Bodkin Arrow
29:02 Leather Archer Armor
28:50 Horse Collar
29:28 Bow Saw
35:35 Imperial Age
32:33 Long Swordsman
35:40 Town Patrol
35:40 Bodkin Arrow
36:59 Conscription
36:32 Stronghold
39:49 Blast Furnace
39:19 Plate Mail Armor
38:14 Cavalier
38:54 Husbandry
40:50 Leather Archer Armor
42:16 Furor Celtica
43:00 Hoardings
41:55 Sappers
42:41 Siege Engineers
43:36 Chemistry
42:22 Halberdier
42:22 Two-Handed Swordsman
46:26 Gold Shaft Mining
46:26 Stone Shaft Mining
47:29 Heavy Plow
49:09 Guilds
49:58 Elite Woad Raider
flavioneves9
4:12 Loom
12:21 Feudal Age
12:23 Man-at-Arms
12:50 Double-Bit Axe
14:42 Scale Mail Armor
20:34 Castle Age
22:56 Wheelbarrow
31:27 Long Swordsman
34:03 Horse Collar
35:18 Devotion
36:23 Pikeman
40:06 Imperial Age
38:26 Masonry
39:33 Hand Cart
40:15 Tusk Swords
41:20 Bow Saw
42:02 Gold Mining
42:02 Stone Mining
41:45 Two-Handed Swordsman
44:32 Double Crossbow
47:50 Faith
52:19 Conscription
king517670
11:54 Feudal Age
15:53 Castle Age
13:50 Fishing Lines
14:55 Bloodlines
15:10 Double-Bit Axe
15:18 Gold Mining
16:38 Forging
16:35 Gillnets
16:45 Gillnets
18:40 Husbandry
19:25 Fletching
19:38 Padded Archer Armor
22:34 Wheelbarrow
24:20 Stone Mining
31:57 Iron Casting
33:45 Hand Cart
33:41 Scale Barding Armor
34:22 Vendel Legacy
37:54 Imperial Age
35:11 Town Watch
35:13 Loom
37:49 Squires
39:00 Conscription
41:36 Elite Varangian Guard
45:42 Blast Furnace
45:02 Chain Barding Armor
44:44 Scale Mail Armor
46:30 Murder Holes
49:57 Cavalier
炸雞勇者
3:27 Loom
13:19 Feudal Age
17:46 Castle Age
15:37 Fishing Lines
18:28 Gillnets
18:42 Double-Bit Axe
25:54 Clerical Recruitment
26:49 Gold Mining
26:50 Stone Mining
28:31 Redemption
29:20 Gold Shaft Mining
30:30 Town Watch
31:22 Wheelbarrow
41:27 Imperial Age
39:18 Hand Cart
39:04 Town Patrol
39:13 Pikeman
39:54 Squires
41:03 Murder Holes
40:49 Treadmill Crane
41:29 Ballistics
41:22 Masonry
41:12 Arson
42:47 Conscription
41:48 Shield Wall
41:52 Halberdier
42:19 Gambesons
47:27 Block Printing
Connection lost

Rejoining the realm…

Still unreachable

The connection could not be restored.

Session expired

The server has moved on; the page needs a fresh start.